 Dungeon Crawl Stone Soup version 0.30.1 (webtiles) character file.

Game seed: 683995147290039111

248872 zzuzz the Slayer (level 19, -4/170 HPs)
             Began as a Minotaur Berserker on July 7, 2023.
             Was a High Priest of Trog.
             Slain by an acid blob (6 damage)
             ... created by the Royal Jelly
             ... on level 5 of the Pits of Slime.
             The game lasted 02:01:52 (56436 turns).

zzuzz the Slayer (Minotaur Berserker)              Turns: 56436, Time: 02:01:53

Health: -4/170     AC: 35    Str: 30    XL:     19   Next: 26%
Magic:  0/8        EV:  9    Int:  2    God:    Trog [*****.]
Gold:   1331       SH: 27    Dex: 15    Spells: 18/18 levels left

rFire   + + .        S - +5 demon whip "Spellbinder" {antimagic, disrupt, Will+}
rCold   . . .        w - +5 tower shield
rNeg    . . .        W - +4 plate armour {rF+}
rPois   .            R - +2 hat of the Bear Spirit {Spirit, Bear, *Rage Will++}
rElec   +            k - +1 cloak
rCorr   +            a - +2 pair of gloves
SInv    .            l - +1 pair of boots "Ygonost" {+Inv rElec Str+2}
Will    +++++        Q - amulet "Xaczoc" {Faith rCorr Dex+3} Stlth
                     v - ring of resist corrosion
HPRegen 1.48/turn    o - ring of magical power
MPRegen 0.11/turn

%: random rage (20%), guardian spirit, faith
@: mighty, strong-willed, on berserk cooldown, regenerating, unable to read,
unable to drink
A: horns 2, retaliatory headbutt, dopey 1, fire resistance 1, frail 1, low MP 1,
inability to drink after injury 1, inability to read after injury 2
}: 1/15 runes: gossamer
a: Renounce Religion, Evoke Invisibility, Berserk, Trog's Hand, Brothers in Arms


You were on level 5 of the Pits of Slime.
You worshipped Trog.
Trog was extremely pleased with you.
You visited 6 branches of the dungeon, and saw 34 of its levels.
You also visited: Ossuary.

You collected 3741 gold pieces.
You spent 2410 gold pieces at shops.

Inventory:

Hand Weapons
 i - the +1 flail "Ixig Hunaoq" {heavy, rN+ Str+6 Int-2}
   (Trog gifted it to you on level 5 of the Pits of Slime)

   Str:       It affects your strength (+6).
   Int:       It affects your intelligence (-2).
   rN:        It protects you from negative energy.
 m - a +4 heavy eveningstar
 r - the +10 morningstar "Eos" {elec, Halo rElec}
   (You found it on level 3 of the Dungeon)

   Halo:      It grants its wielder a halo, revealing invisible creatures and
   increasing accuracy against all within it other than the wielder.
   rElec:     It insulates you from electricity.
 t - a +4 triple sword of freezing
 H - the +10 broad axe of Superiority {freeze, rPois}
   (You bought it in a shop on level 2 of the Orcish Mines)

   rPois:     It protects you from poison.
 N - a +2 vampiric demon blade
 P - the +6 arbalest "Damnation" {damnation}
   (You found it on level 3 of the Elven Halls)
 S - the +5 demon whip "Spellbinder" (weapon) {antimagic, disrupt, Will+}
   (You found it on level 5 of the Lair of Beasts)

   Will:      It increases your willpower.
 U - a +5 antimagic demon whip
 Y - a +0 spectral demon blade
Missiles
 f - 57 poisoned darts (quivered)
Armour
 a - a +2 pair of gloves (worn)
 k - a +1 cloak (worn)
 l - the +1 pair of boots "Ygonost" (worn) {+Inv rElec Str+2}
   (You found it on level 4 of the Spider Nest)

   Str:       It affects your strength (+2).
   rElec:     It insulates you from electricity.
   +Inv:      It lets you turn invisible.
 w - a +5 tower shield (worn)
 R - the +2 hat of the Bear Spirit (worn) {Spirit, Bear, *Rage Will++}
   (You bought it in a shop on level 2 of the Orcish Mines)

   Bear:      Going berserk makes the wearer exceptionally tough, and they are
   slowed for a shorter time afterward.
   *Rage:     It berserks you when you make melee attacks (+20% chance).
   Will:      It greatly increases your willpower.
 V - a +0 kite shield of reflection
 W - a +4 plate armour of fire resistance (worn)
Jewellery
 o - a ring of magical power (right hand)
 v - a ring of resist corrosion (left hand)
 J - the amulet of Hifrauhim {rC++ Regen+}
   (You took it off a deep elf death mage on level 3 of the Elven Halls)

   [amulet of regeneration]

   rC:        It greatly protects you from cold.
   Regen:     It increases your rate of health regeneration.
 O - the amulet of Icretaoj {rC+ Will- Regen+ Str+5 Int-3}
   (You took it off a deep elf master archer on level 3 of the Elven Halls)

   [amulet of regeneration]

   Str:       It affects your strength (+5).
   Int:       It affects your intelligence (-3).
   rC:        It protects you from cold.
   Regen:     It increases your rate of health regeneration.
   Will:      It decreases your willpower.
 Q - the amulet "Xaczoc" (around neck) {Faith rCorr Dex+3}
   (You found it on level 5 of the Lair of Beasts)

   [amulet of faith]

   It allows you to gain divine favour quickly.
   Dex:       It affects your dexterity (+3).
   rCorr:     It protects you from acid and corrosion.
 T - a +4 ring of protection
Wands
 d - a wand of polymorph (14)
 e - a wand of digging (11)
 p - a wand of flame (63)
 s - a wand of paralysis (56)
 A - a wand of mindburst (7)
 G - a wand of iceblast (10)
 M - a wand of quicksilver (9)
Scrolls
 g - 16 scrolls of identify
 j - 9 scrolls of fear
 z - 2 scrolls of blinking
 C - 6 scrolls of magic mapping
 D - 7 scrolls of fog
 E - 4 scrolls of teleportation
 F - 3 scrolls of silence
 L - 8 scrolls of butterflies
Potions
 b - 2 potions of might
 c - 5 potions of flight
 h - 2 potions of curing
 n - 7 potions of magic
 q - a potion of invisibility
 u - 4 potions of resistance
 x - 4 potions of cancellation
 B - a potion of haste
 I - 4 potions of ambrosia


   Skills:
 + Level 21.0 Fighting
 + Level 15.7(18.3) Axes
 - Level 15.5(18.2) Maces & Flails
 - Level 5.7 Ranged Weapons
 + Level 2.1 Throwing
 + Level 20.9 Armour
 - Level 2.1 Dodging
 + Level 20.7 Shields


You had 18 spell levels left.
You didn't know any spells.
Your spell library was empty.

Dungeon Overview and Level Annotations

Branches:
Dungeon (15/15)            Temple (0/1) D:6            Lair (5/5) D:9
  Swamp (0/4) Lair:2       Spider (4/4) Lair:3        Slime (5/5) Lair:5
    Orc (2/2) D:9             Elf (3/3) Orc:2        Vaults (0/5) D:14
 Depths (0/4) D:15        Ossuary (visited)

Altars:
Ashenzari
Elyvilon
Fedhas
Makhleb
Okawaru
Ru
Trog
Uskayaw
Vehumet
Jiyva

Shops:
D:1 =   D:5 ?   D:8 [   Orc:2 *?[*:

Annotations:
D:6 Eustachio
D:9 1 runed translucent door, xerfel's ghost, novice MiFi
D:11 2 transporters, monsoonserge's ghost, journeyman DjAE
Lair:5 3 runed translucent doors, wingedge's ghost, journeyman DgWn
Spider:2 3 runed translucent doors, TrayleKats's ghost, adept TrGl
Slime:5 Royal Jelly


Innate Abilities, Weirdness & Mutations

You have a pair of horns on your head.
You reflexively headbutt those who attack you in melee.
You are dopey. (Int -2)
Your flesh is heat resistant. (rF+)
You are frail. (-10% HP)
Your magical capacity is low. (-10% MP)
You occasionally lose the ability to drink potions when taking damage.
You sometimes lose the ability to read scrolls when taking damage.


Message History

Press: ? - help, Shift-Dir - straight line, f - acid blob
Aim: an acid blob (100% to hit)
Digging in that direction won't affect any walls.
Okay, then.
Aiming: Polymorph
Press: ? - help, Shift-Dir - straight line, f - rockslime
Aim: a rockslime (heavily wounded, will become a juggernaut, a titan, or an iron giant, chance to affect: 17%)
The rockslime resists with almost no effort.
The rockslime hits your ogre!
Your ogre holds its ground!
Your ogre completely misses the rockslime.
The rockslime hits you!
* * * LOW HITPOINT WARNING * * *
You hold your ground!
The rockslime hits your ogre!!
Your ogre holds its ground!
Unknown command.
You cannot drink potions in your current state!
Aiming: Polymorph
Press: ? - help, Shift-Dir - straight line, f/p - rockslime
Aim: a rockslime (heavily wounded, will become a juggernaut, a titan, or an iron giant, chance to affect: 17%)
The rockslime resists with almost no effort.
Your ogre hits the rockslime with a +0 giant club!!
The rockslime dies!
You block the rockslime's attack.
You cannot read scrolls in your current state!
Okay, then.
The +10 broad axe of Superiority {freeze, rPois} stops glowing.
You feel magic leave you.
S - the +5 demon whip "Spellbinder" (weapon)
{antimagic, disrupt, Will+} The rockslime hits you!!
* * * LOW HITPOINT WARNING * * *
You hold your ground!
You cannot drink potions in your current state!
You cannot read scrolls in your current state!
You cannot drink potions in your current state!
You whack the rockslime!
The rockslime is severely wounded.
Your ogre hits the acid blob with a +0 giant club!!
Your ogre is burned by acid!
The acid blob hits you.
You die... .. .#........#. .. ####..#### .. #/##.#|# .. ##..## .. #.## ..
GG#

.. ##J# #. .. #O@#
.... .. .#
###J######..... ..
...#J#J##.#........
..
....JJJJ...........
..
......JJ...........
..
....................
..
....................
....................
....................


You could see 3 acid blobs, 2 azure jellies, a rockslime, 2 shining eyes and a
friendly ogre (summoned, berserk).

Vanquished Creatures
  Arachne (Spider:2)
  Zenata (Elf:2)
  3 deep elf blademasters (Elf:3)
  Asterion (Elf:1)
  2 deep elf master archers (Elf:3)
  11 acid blobs
  5 azure jellies
  8 rockslimes
  An emperor scorpion (shapeshifter) (Elf:3)
  7 deep elf sorcerers
  2 emperor scorpions
  A ghost moth (Spider:4)
  Aizul (Spider:2)
  3 deep elf elementalists (Elf:3)
  A broodmother (Spider:1)
  6 quicksilver oozes
  Nessos (Lair:3)
  7 deep elf demonologists
  5 deep elf annihilators
  3 spark wasps
  Snorg (D:10)
  3 deep elf death magi (Elf:3)
  A shambling mangrove (Lair:5)
  2 deep elf high priests (Elf:3)
  9 entropy weavers
  5 great orbs of eyes
  7 centaur warriors
  A jorogumo (Spider:1)
  2 radroaches (Spider:2)
  3 vault guards (D:14)
  3 hydras
  3 ogre magi
  10 two-headed ogres
  7 boulder beetles
  A deep troll shaman (Lair:5)
  A catoblepas (Lair:5)
  3 tengu warriors
  16 death yaks
  13 dancing weapons
  4 orc high priests (Orc:2)
  Nergalle (Orc:1)
  15 deep elf knights
  A glowing orange brain (Slime:2)
  9 orb spiders
  10 pharaoh ants
  4 sun moths
  A lindwurm (Lair:5)
  A deep troll (shapeshifter) (D:15)
  10 deep elf archers
  A wizard (D:14)
  7 orc knights
  14 wolf spiders
  21 deep elf pyromancers
  13 steelbarb worms
  21 deep elf zephyrmancers
  4 cyclopes
  5 ugly things
  3 manticores (D:12)
  A salamander (D:15)
  4 orc sorcerers (Orc:2)
  4 shining eyes
  4 moths of wrath
  A salamander (shapeshifter) (Elf:2)
  Maurice (D:10)
  23 elephants
  5 black mambas
  6 torpor snails
  8 demonic crawlers
  A gargoyle (D:14)
  9 cane toads
  An eye of devastation (Slime:2)
  A rime drake (Lair:1)
  3 unseen horrors
  3 kobold demonologists
  Maggie (D:6)
  13 komodo dragons
  2 freezing wraiths
  A yaktaur (D:14)
  2 tengu conjurers
  15 meliai
  4 hornets
  24 tarantellas
  7 trolls
  17 blink frogs
  101 slime creatures
  An air elemental (D:12)
  25 jumping spiders
  5 wyverns
  A vampire (D:11)
  6 spriggans (Lair:2)
  A shadow (D:11)
  19 culicivoras
  4 water elementals
  A fire elemental (D:12)
  A wraith (D:9)
  2 hogs (Elf:1)
  38 yaks
  57 redbacks
  2 basilisks
  2 humans
  A steam dragon (D:8)
  9 golden eyes (Slime:2)
  2 vampire mosquitoes (D:12)
  2 wargs
  Menkaure (Ossuary)
  Edmund (D:6)
  5 acid dragons
  14 water moccasins
  A swamp drake (Lair:1)
  24 orc warriors
  5 black bears
  2 sky beasts
  9 ogres
  8 wolves
  2 centaurs (D:8)
  3 phantoms
  5 kobold brigands
  12 bullfrogs
  5 earth elementals
  2 scorpions
  5 wights (D:10)
  A troll zombie (Ossuary)
  6 killer bees
  6 electric eels
  A howler monkey (D:7)
  A lava snake (D:9)
  2 centaur zombies (Ossuary)
  A hound (D:5)
  25 orc priests
  A gnoll bouda (D:7)
  3 jellies
  19 iguanas
  Terence (D:3)
  25 orc wizards
  2 ogre zombies (Ossuary)
  A hound zombie (D:3)
  A hound skeleton (D:3)
  6 mummies (Ossuary)
  12 gnolls
  7 adders
  12 white imps (Lair:2)
  An adder zombie (Ossuary)
  2 worms
  4 dart slugs
  85 orcs
  5 bats
  7 endoplasms
  6 giant cockroaches
  3 gnoll zombies (Ossuary)
  4 goblins
  6 hobgoblins
  3 jackals (D:2)
  11 kobolds
  3 quokkas
  2 ball pythons
  16 frilled lizards
  4 goblin zombies (Ossuary)
  6 hobgoblin zombies (Ossuary)
  5 kobold zombies (Ossuary)
  3 quokka zombies (Ossuary)
  6 rats
  3 rat zombies (Ossuary)
1169 creatures vanquished.

Vanquished Creatures (collateral kills)
  A deep elf blademaster (Elf:2)
  A rockslime (Slime:5)
  A ghost moth (Spider:3)
  A deep elf death mage (Elf:3)
  A deep elf high priest (Elf:3)
  A dancing weapon (Elf:2)
  A steelbarb worm (Spider:3)
  A redback (Spider:3)
8 creatures vanquished.

Vanquished Creatures (others)
  Kirke (Elf:1)
  3 deep elf knights
  A human (Elf:1)
  An orc priest (Orc:2)
  An iguana (Lair:1)
  An orc (Orc:2)
  A frilled lizard (Lair:1)
9 creatures vanquished.

Grand Total: 1186 creatures vanquished

Notes
Turn   | Place    | Note
-------+----------+-------------------------------------------
     0 | D:1      | zzuzz the Minotaur Berserker began the quest for the Orb.
     0 | D:1      | Reached XP level 1. HP: 19/19 MP: 0/0
    59 | D:1      | Found Cior's Jewellery Boutique.
    70 | D:1      | Reached XP level 2. HP: 15/27 MP: 1/1
   388 | D:1      | Reached skill level 4 in Fighting
   482 | D:1      | Reached XP level 3. HP: 33/33 MP: 2/2
   506 | D:1      | Reached ** piety under Trog
   841 | D:2      | Found a faded altar of an unknown god.
  1140 | D:2      | Reached XP level 4. HP: 41/41 MP: 3/3
  1597 | D:3      | Found a radiant altar of Vehumet.
  1663 | D:3      | You fall into a shaft and drop 2 floors!
  1663 | D:5      | Entered Level 5 of the Dungeon
  1668 | D:5      | Found Waywn's Magic Scroll Emporium.
  1696 | D:5      | Reached skill level 5 in Fighting
  1696 | D:5      | Reached XP level 5. HP: 28/48 MP: 4/4
  2011 | D:4      | Noticed a phantom
  2020 | D:4      | Killed a phantom
  2021 | D:4      | Reached skill level 5 in Axes
  2565 | D:3      | Noticed Terence
  2576 | D:3      | Killed Terence
  3016 | D:3      | Reached XP level 6. HP: 51/56 MP: 5/5
  3172 | D:3      | Found the +10 morningstar "Eos" {elec, Halo rElec}
  3654 | D:4      | Reached skill level 5 in Armour
  3820 | D:4      | Reached skill level 1 in Maces & Flails
  3820 | D:4      | Reached *** piety under Trog
  3894 | D:4      | Reached skill level 6 in Fighting
  4245 | D:5      | Reached skill level 1 in Shields
  4248 | D:5      | Reached XP level 7. HP: 63/63 MP: 6/6
  4438 | D:5      | Bought a scroll of blinking for 82 gold pieces
  4769 | D:6      | Noticed Edmund
  4772 | D:6      | Noticed Maggie
  4780 | D:6      | Reached skill level 7 in Fighting
  4781 | D:6      | Killed Maggie
  4782 | D:6      | Reached XP level 8. HP: 56/73 MP: 7/7
  4783 | D:6      | Killed Edmund
  5315 | D:6      | Noticed Eustachio
  5395 | D:6      | Found a staircase to the Ecumenical Temple.
  5665 | D:7      | Found a sand-covered staircase.
  5678 | Ossuary  | Entered an ossuary
  5684 | Ossuary  | Reached skill level 5 in Maces & Flails
  5717 | Ossuary  | Noticed Menkaure
  5725 | Ossuary  | Killed Menkaure
  5729 | Ossuary  | Reached skill level 8 in Fighting
  5729 | Ossuary  | Reached skill level 5 in Shields
  6243 | Ossuary  | Reached **** piety under Trog
  6514 | D:7      | Reached XP level 9. HP: 70/81 MP: 8/8
  7067 | D:8      | Reached skill level 9 in Fighting
  7232 | D:8      | Found a blossoming altar of Fedhas.
  7362 | D:8      | Found Icaguakk's Antique Armour Emporium.
  7430 | D:8      | Reached XP level 10. HP: 92/92 MP: 9/9
  8113 | D:9      | Reached ***** piety under Trog
  8153 | D:9      | Found a staircase to the Orcish Mines.
  8161 | D:9      | Reached skill level 10 in Fighting
  8236 | D:9      | Found a staircase to the Lair.
  8333 | D:9      | Found a bloodstained altar of Trog.
  8337 | D:9      | Reached skill level 10 in Armour
  8777 | D:9      | Noticed a soul eater
  8903 | D:9      | Found a runed translucent door.
  8905 | D:9      | Noticed xerfel's ghost (novice MiFi)
  8906 | D:9      | Identified the +4 spear of Iputtuz {antimagic, Int+3 Dex+3}
  9094 | D:10     | Entered Level 10 of the Dungeon
  9246 | D:10     | Found an iron altar of Okawaru.
  9246 | D:10     | Found a burning altar of Makhleb.
  9254 | D:10     | Found a sacrificial altar of Ru.
  9256 | D:10     | Found a white marble altar of Elyvilon.
  9258 | D:10     | Found a hide-covered altar of Uskayaw.
  9423 | D:10     | Reached skill level 11 in Fighting
  9834 | D:10     | Noticed Snorg
  9839 | D:10     | Killed Snorg
  9840 | D:10     | Reached XP level 11. HP: 102/102 MP: 10/10
 10103 | D:10     | Noticed a centaur warrior
 10106 | D:10     | Noticed Maurice
 10108 | D:10     | Killed a centaur warrior
 10108 | D:10     | Noticed a centaur warrior
 10123 | D:10     | Reached skill level 10 in Maces & Flails
 10127 | D:10     | Killed Maurice
 10157 | D:10     | Noticed a boulder beetle
 10161 | D:10     | Killed a centaur warrior
 10162 | D:10     | Reached skill level 10 in Shields
 10185 | D:10     | Killed a boulder beetle
 10399 | D:10     | Identified the +1 robe of Makhleb's Delight {-Cast +Inv
                  | Regen+ Str+5}
 10704 | D:11     | Reached skill level 12 in Fighting
 10804 | D:11     | Noticed monsoonserge's ghost (journeyman DjAE)
 10805 | D:11     | Found a transporter.
 10810 | D:11     | Found a transporter.
 11461 | D:12     | Received a gift from Trog
 11743 | D:12     | Reached XP level 12. HP: 88/113 MP: 11/11
 11975 | D:12     | Noticed a two-headed ogre
 11981 | D:12     | Killed a two-headed ogre
 12268 | D:12     | Found a large runed translucent door.
 12268 | D:12     | Found a large runed translucent door.
 12561 | D:13     | Found a broken altar of Ashenzari.
 12758 | D:13     | Noticed a centaur warrior
 12765 | D:13     | Killed a centaur warrior
 12894 | D:13     | Reached skill level 13 in Fighting
 13432 | Lair:1   | Entered Level 1 of the Lair of Beasts
 13617 | Lair:1   | Identified the +1 robe of Ru's Brutal Revenge {Str+4}
 14553 | Lair:2   | Found a staircase to the Swamp.
 14663 | Lair:2   | Received a gift from Trog
 14802 | Lair:2   | Found a frozen archway.
 14896 | Lair:2   | Reached XP level 13. HP: 121/123 MP: 12/12
 15024 | Lair:2   | Reached skill level 14 in Fighting
 15369 | Lair:2   | Identified the +7 hand axe of Kisei {spect, *Noise rPois
                  | Str+4}
 15976 | Lair:3   | Noticed Nessos
 16142 | Lair:3   | Killed Nessos
 16498 | Lair:3   | Found a hole to the Spider Nest.
 17079 | Lair:4   | Received a gift from Trog
 17914 | Lair:5   | Entered Level 5 of the Lair of Beasts
 17918 | Lair:5   | Found a runed translucent gate.
 17918 | Lair:5   | Found a runed translucent gate.
 17918 | Lair:5   | Found a runed translucent gate.
 17933 | Lair:5   | Reached skill level 15 in Fighting
 18049 | Lair:5   | Noticed wingedge's ghost (journeyman DgWn)
 18080 | Lair:5   | Reached skill level 15 in Armour
 18086 | Lair:5   | Reached XP level 14. HP: 105/135 MP: 11/13
 18923 | Lair:5   | Identified the amulet "Xaczoc" {Faith rCorr Dex+3}
 19091 | Lair:5   | Received a gift from Trog
 19175 | Lair:5   | Reached skill level 15 in Maces & Flails
 19635 | Lair:5   | Found a staircase to the Slime Pits.
 19637 | Lair:5   | Found a viscous altar of Jiyva.
 19887 | Lair:5   | Found the +5 demon whip "Spellbinder" {antimagic, disrupt,
                  | Will+}
 19890 | Lair:5   | Reached skill level 16 in Fighting
 19890 | Lair:5   | Reached skill level 15 in Shields
 20176 | Orc:1    | Entered Level 1 of the Orcish Mines
 20594 | Orc:2    | Entered Level 2 of the Orcish Mines
 20594 | Orc:2    | Found a staircase to the Elven Halls.
 21121 | Orc:2    | Found Keamex's CLEARANCE SALE!.
 21293 | Orc:2    | Received a gift from Trog
 21330 | Orc:1    | Noticed Nergalle
 21668 | Orc:1    | Killed Nergalle
 22674 | Orc:2    | Found Wihug's Book Emporium.
 22674 | Orc:2    | Found Ywean's Magic Scroll Boutique.
 22685 | Orc:2    | Found Vacar's General Store.
 22685 | Orc:2    | Found Gook's Antique Armour Boutique.
 22704 | Orc:2    | Bought the +10 broad axe of Superiority {freeze, rPois} for
                  | 684 gold pieces
 22705 | Orc:2    | Bought the +2 hat of the Bear Spirit {Spirit, Bear, *Rage
                  | Will++} for 942 gold pieces
 22705 | Orc:2    | Found the +2 hat of the Bear Spirit {Spirit, Bear, *Rage
                  | Will++}
 23284 | D:14     | Reached XP level 15. HP: 135/145 MP: 14/14
 24006 | D:14     | Found a gate to the Vaults.
 24365 | D:14     | Received a gift from Trog
 24507 | D:14     | Found a hide-covered altar of Uskayaw.
 24849 | D:15     | Entered Level 15 of the Dungeon
 24860 | D:15     | Reached skill level 17 in Fighting
 27017 | D:15     | Found a staircase to the Depths.
 27450 | Orc:2    | Bought a glowing plate armour for 702 gold pieces
 27616 | Spider:1 | Entered Level 1 of the Spider Nest
 27986 | Spider:1 | Reached ****** piety under Trog
 28106 | Spider:1 | Received a gift from Trog
 29234 | Spider:2 | Reached XP level 16. HP: 150/150 MP: 15/15
 29258 | Spider:2 | Noticed Aizul
 29737 | Spider:2 | Killed Aizul
 29738 | Spider:2 | Reached skill level 18 in Fighting
 29746 | Spider:2 | HP: 15/314 [poisoned by Aizul (poison arrow)]
 29747 | Spider:2 | HP: 6/157 [poisoned by Aizul (poison arrow)]
 30520 | Spider:2 | Reached skill level 10 in Axes
 31538 | Spider:2 | Noticed Arachne
 31705 | Spider:2 | Killed Arachne
 31705 | Spider:2 | Received a gift from Trog
 31790 | Spider:2 | Found a runed translucent gate.
 31790 | Spider:2 | Found a runed translucent gate.
 31790 | Spider:2 | Found a runed translucent gate.
 31791 | Spider:2 | Noticed TrayleKats's ghost (adept TrGl)
 34153 | Spider:4 | Entered Level 4 of the Spider Nest
 34187 | Spider:4 | Received a gift from Trog
 36689 | Spider:4 | Reached skill level 19 in Fighting
 36696 | Spider:4 | Reached XP level 17. HP: 168/168 MP: 0/16
 37024 | Spider:4 | Identified the +1 pair of boots "Ygonost" {+Inv rElec
                  | Str+2}
 37052 | Spider:4 | Got a gossamer rune of Zot
 38052 | Spider:4 | Received a gift from Trog
 38523 | Slime:1  | Entered Level 1 of the Pits of Slime
 38523 | Slime:1  | Noticed an acid blob
 38537 | Slime:1  | Killed an acid blob
 38887 | Elf:1    | Entered Level 1 of the Elven Halls
 40350 | Elf:1    | Noticed Kirke
 40396 | Elf:1    | Killed Kirke
 40720 | Elf:1    | Noticed Asterion
 40743 | Elf:1    | Killed Asterion
 41974 | Elf:2    | Received a gift from Trog
 42971 | Elf:2    | Noticed Zenata
 42984 | Elf:2    | Killed Zenata
 43432 | Elf:2    | Reached skill level 20 in Fighting
 44053 | Elf:3    | Entered Level 3 of the Elven Halls
 45345 | Elf:3    | Reached XP level 18. HP: 178/178 MP: 4/17
 45406 | Elf:3    | Received a gift from Trog
 45410 | Elf:3    | Identified the amulet of Icretaoj {rC+ Will- Regen+ Str+5
                  | Int-3}
 45500 | Elf:3    | Identified the +7 halberd of Dufir {venom, rElec}
 45500 | Elf:3    | Identified the +5 leather armour of the Teacher {rElec rF-
                  | Str+3 Int+2 Stlth+}
 46725 | Elf:3    | Identified the +9 dagger of Peril {flame, Contam rN++ Will+
                  | Dex+2}
 46725 | Elf:3    | Identified the amulet of Hifrauhim {rC++ Regen+}
 47397 | Elf:3    | Noticed an Ice Fiend
 47398 | Elf:3    | Noticed a Tzitzimitl
 48399 | Elf:3    | Noticed a Tzitzimitl
 48715 | Elf:3    | Noticed a Hell Sentinel
 48717 | Elf:3    | Noticed an Ice Fiend
 48720 | Elf:3    | Noticed an Ice Fiend
 49340 | Elf:2    | Noticed a Hell Sentinel
 49971 | Elf:3    | Identified the +2 falchion of Bisacsoq {spect, Fragile rN+
                  | Str+3}
 50109 | Elf:3    | Identified the +4 mace of Qojustible {heavy, Str+4 Dex+3}
 50305 | Elf:3    | Identified the +0 leather armour of the Leaf {MP+9 Stlth+}
 50808 | Elf:3    | Found the +6 arbalest "Damnation" {damnation}
 50830 | Elf:3    | Identified the +0 cloak of Mucel {Stlth+}
 51811 | Slime:1  | Reached skill level 1 in Ranged Weapons
 53447 | Slime:2  | Reached skill level 15 in Axes
 53455 | Slime:2  | Gained mutation: You occasionally lose the ability to read
                  | scrolls when taking damage. [a shining eye]
 53461 | Slime:2  | Gained mutation: You sometimes lose the ability to read
                  | scrolls when taking damage. [a shining eye]
 53463 | Slime:2  | Gained mutation: Your magical capacity is low. (-10% MP) [a
                  | shining eye]
 53464 | Slime:2  | Gained mutation: Your flesh is heat resistant. (rF+) [a
                  | shining eye]
 53469 | Slime:2  | Reached skill level 5 in Ranged Weapons
 55047 | Slime:4  | Reached XP level 19. HP: 171/188 MP: 16/16
 55776 | Slime:5  | Entered Level 5 of the Pits of Slime
 55779 | Slime:5  | Gained mutation: You are frail. (-10% HP) [a shining eye]
 55781 | Slime:5  | Gained mutation: You are dopey. (Int -2) [a shining eye]
 55782 | Slime:5  | Gained mutation: You occasionally lose the ability to drink
                  | potions when taking damage. [a shining eye]
 55800 | Slime:5  | Reached skill level 1 in Throwing
 55808 | Slime:5  | Reached skill level 21 in Fighting
 56408 | Slime:5  | Identified the +1 flail "Ixig Hunaoq" {heavy, rN+ Str+6
                  | Int-2} (Trog gifted it to you on level 5 of the Pits of
                  | Slime)
 56408 | Slime:5  | Received a gift from Trog
 56411 | Slime:5  | Noticed the Royal Jelly
 56435 | Slime:5  | HP: 1/170 [rockslime[the Royal Jelly] (17)]
 56436 | Slime:5  | Slain by an acid blob

Illustrated notes

Levels and vault maps discovered:
D:1:      mainiacjoe_arrival_reflecting_pool, layout_rooms, serial_forest,
          infiniplex_forest_clump_curved, infiniplex_forest_lined_4_way,
          infiniplex_forest_join, infiniplex_forest_straight_2, serial_shops,
          nicolae_shop_gaudy_bauble
D:2:      layout_loops_ring, hellmonk_ecumenical_altar_blasted
D:3:      layout_loops_corners, nicolae_vehumet_radiance, serial_undead,
          serial_undead_d, serial_undead_e, serial_undead_b, serial_undead_d,
          uniq_terence
D:4:      layout_cave_pools, lightli_corner_chamber
D:5:      layout_loops_ring, serial_shops, nicolae_shop_tiny_glass,
          grunt_ministairs_3, corexii_hall_statues_l
D:6:      layout_rooms, nicolae_overflow_hidden_temple,
          minmay_temple_entry_junction, uniq_maggie, uniq_edmund, uniq_eustachio
D:7:      layout_basic, enter_ossuary_1
D:8:      layout_cave_pods, mainiacjoe_overflow_brackets, serial_shops,
          nicolae_shop_real_fake_doors, chequers_serial_rivers_room_b,
          st_stairs_6
D:9:      minmay_weird_star, layout_basic, trog_butcher_becter,
          lair_entry_dummy, david_orc_5, ebering_ghost_funeral_grove,
          kennysheep_generic_room_4
D:10:     layout_rooms, chequers_temple_overflow_minitemple,
          minmay_fractal_squares_gapless_7, uniq_snorg, uniq_maurice
D:11:     layout_roguey, gammafunk_ghost_hive
D:12:     layout_loops_ring, lightli_elemental_guards
D:13:     nicolae_cairo_tiling, layout_basic, evilmike_ruin_ashenzari
D:14:     layout_rooms, grunt_vaults_entry_fortified, special_room
          [special_room_orc], minivault_4, nicolae_uskayaw_suspiria
D:15:     hangedman_depths_entry_try_elsewhere_first, layout_basic,
          chequers_serial_rivers_room_a
Lair:1:   lemuel_reptile_caves, layout_loops_ring, beast_lair_carwin_4,
          serial_bayou_shore_a
Lair:2:   kb_forest_paths, layout_misc_corridors, swamp_mist,
          portal_ice_cave_entry_imps, grunt_forest_large_clearings
Lair:3:   layout_long_grid, spider_nest_entry_rubble,
          nicolae_quartered_pool_impasse, minivault_24, uniq_nessos
Lair:4:   layout_layer_cave, grunt_forest_small_clearings, ldierk_geyser
Lair:5:   grunt_lair_end_beastmaster, layout_regular_city, slime_entry_1,
          gammafunk_ghost_icy, minmay_lair_oklob_bushes, minivault_24,
          chequers_serial_rivers_small_3, nicolae_lair_grazing_beasts
          [nicolae_sub_lair_graze_edge, nicolae_sub_lair_graze_edge,
          nicolae_sub_lair_graze_edge, nicolae_sub_lair_graze_edge],
          lemuel_fruit_tree
Spider:1: layout_spider_delve
Spider:2: layout_spider_delve, ebering_ghost_rock_garden,
          guppyfry_spider_mini_3, uniq_aizul, uniq_arachne
Spider:3: layout_cave_pods
Spider:4: hellmonk_spider_rune_bug_friends
Slime:1:  cheibrodos_slime_lost_civilization_9, layout_caves
Slime:2:  layout_caves
Slime:3:  layout_caves
Slime:4:  nicolae_slime_pool, layout_caves
Slime:5
Orc:1:    layout_caves, uniq_nergalle
Orc:2:    grunt_orc_tribal_feast, layout_diamond_mine, nicolae_shop_clearance
Elf:1:    eino_elf_arrival_the_gate, layout_geoelf_octagon, evilmike_minifort,
          uniq_asterion, uniq_kirke
Elf:2:    nicolae_elf_blades_splatter_lattice [nicolae_blade_tridents],
          layout_gridlike, minivault_20, uniq_zenata
Elf:3:    minmay_elf_hall_quartered_circle, layout_gridlike

Skill      XL: |  1  2  3  4  5  6  7  8  9 10 11 12 13 14 15 16 17 18 19 |
---------------+----------------------------------------------------------+-----
Fighting       | 4 5 6 7 8 9 11 12 13 15 16 17 19 20 21 | 21.0
Axes           | 4 5 9 11 13 15 | 15.7
Armour         | 3 4 5 6 7 9 10 12 13 15 16 17 18 19 20 | 20.9
Maces & Flails | 2 4 5 7 9 11 12 14 15 | 15.5
Shields        | 1 4 5 7 9 11 12 14 15 16 18 19 20 | 20.7
Ranged Weapons | 5 |  5.7
Throwing       | 2 |  2.1
Dodging        | |  2.1

Action                     |  1- 3 |  4- 6 |  7- 9 | 10-12 | 13-15 | 16-18 | 19-21 || total
---------------------------+-------+-------+-------+-------+-------+-------+-------++-------
  Melee: Hand axe          |    91 |    77 |       |       |       |       |       ||   168
         Headbutt          |    15 |     9 |    23 |   100 |   222 |   312 |    32 ||   713
         Morningstar       |       |    17 |   153 |   396 |   550 |    11 |       ||  1127
         Demon whip        |       |       |       |       |    51 |   582 |     7 ||   640
         Broad axe         |       |       |       |       |   342 |   643 |    92 ||  1077
 Invoke: Berserk           |     1 |     4 |     5 |     7 |    18 |    11 |       ||    46
         Trog's Hand       |       |       |     1 |     2 |     8 |    17 |     2 ||    30
         Brothers in Arms  |       |       |       |       |       |     7 |     2 ||     9
  Evoke: Wand              |       |       |       |       |    17 |     8 |     2 ||    27
    Use: Scroll            |       |     4 |    16 |     5 |     7 |     6 |     2 ||    40
         Potion            |       |     4 |     1 |     2 |     6 |    17 |     8 ||    38
   Stab: Sleeping          |     1 |       |       |       |       |       |       ||     1
         Confused          |       |       |       |     1 |       |       |       ||     1
         Petrified         |       |       |       |       |     8 |       |       ||     8
         Invisible         |       |       |       |       |       |     1 |       ||     1
         Distracted        |       |       |       |       |       |     1 |       ||     1
 Armour: Animal skin       |    15 |       |       |       |       |       |       ||    15
         Leather armour    |       |    13 |       |       |       |       |       ||    13
         Chain mail        |       |    11 |    80 |    27 |       |       |       ||   118
         Plate armour      |       |       |       |   113 |   404 |   649 |    40 ||  1206
  Dodge: Dodged            |    61 |    54 |    46 |    55 |   152 |   249 |    20 ||   637
  Block: Tower shield      |       |     1 |   147 |   352 |   948 |  1458 |   116 ||  3022
